 Dungeon Crawl Stone Soup version 0.31-a0-190-g4feb4907b2 (webtiles) character file.

Game seed: 14796997692160161645

86 qw the Shooter (level 4, -10/25 HPs)
             Began as a Deep Elf Hunter on June 23, 2023.
             Mangled by a gnoll
             ... wielding a +0 halberd
              (12 damage)
             ... on level 2 of the Dungeon.
             The game lasted 00:00:27 (1402 turns).

qw the Shooter (Deep Elf Hunter)                    Turns: 1402, Time: 00:00:27

Health: -10/25     AC:  5    Str: 10    XL:     4   Next: 27%
Magic:  6/6        EV: 11    Int: 14    God:
Gold:   122        SH:  0    Dex: 18    Spells: 3/3 levels left

rFire   . . .        Y - +0 shortbow
rCold   . . .        (shield currently unavailable)
rNeg    . . .        h - +0 ring mail
rPois   .            (no helmet)
rElec   .            (no cloak)
rCorr   .            (no gloves)
SInv    .            (no boots)
Will    .....        (no amulet)
Stlth   +            (no ring)
HPRegen 0.24/turn    (no ring)
MPRegen 0.10/turn

%: no passive effects
@: no status effects
A: no striking features
a: no special abilities


You were on level 2 of the Dungeon.
You visited 1 branch of the dungeon, and saw 2 of its levels.

You collected 122 gold pieces.


   Skills:
 - Level 1.5 Fighting
 + Level 7.7 Ranged Weapons
 - Level 2.4 Dodging
 - Level 1.2 Stealth


You had 3 spell levels left.
You didn't know any spells.
Your spell library was empty.

Inventory:

Hand Weapons
 Y - a +0 shortbow (weapon)
Armour
 h - a +0 ring mail (worn)
Jewellery
 b - a ring of protection from cold
Scrolls
 a - a scroll of identify
Potions
 e - 2 potions of resistance
 f - a potion of brilliance {unknown}
 i - a potion of degeneration {unknown}
 j - a potion of haste {unknown}

Dungeon Overview and Level Annotations

Branches:
Dungeon (2/15)

Altars:

Shops:
D:2 =


Message History

A rat comes into view.
You shoot an arrow.
The arrow hits the gnoll but does no damage.
The gnoll is lightly wounded.
A gnoll comes into view. It is wielding a +0 halberd.
You shoot an arrow. The arrow closely misses the gnoll.
The gnoll shouts!
You shoot an arrow. The arrow barely misses the gnoll.
The arrow closely misses the rat.
The gnoll barely misses you.
You shoot an arrow. The arrow hits the gnoll!
The gnoll is severely wounded.
The gnoll hits you with a +0 whip.
A gnoll comes into view. It is wielding a +0 spear.
You shoot an arrow. The gnoll shouts!
The arrow hits the gnoll.
The gnoll is severely wounded.
The gnoll hits you with a +0 whip. x2
You shoot an arrow. The arrow hits the gnoll!
You kill the gnoll!
The rat barely misses you. The gnoll closely misses you.
You shoot an arrow. The arrow closely misses the rat.
The rat bites you but does no damage. The gnoll barely misses you.
You shoot an arrow. The arrow hits the rat!
You kill the rat!
The gnoll throws a stone.
The stone hits you but does no damage.
The gnoll hits you from afar with a +0 halberd.
The gnoll throws a stone.
The stone hits you.
You shoot an arrow.
The arrow hits the gnoll but does no damage.
The gnoll hits you from afar with a +0 halberd.
The gnoll hits you from afar with a +0 spear!
You shoot an arrow. The arrow closely misses the gnoll.
The gnoll closely misses you. The gnoll misses you.
You shoot an arrow.
The arrow hits the gnoll but does no damage.
The gnoll closely misses you.
The gnoll hits you from afar with a +0 halberd!
You die...

######
......#################
#..................
#g@#######..#######
#.)%........#
#.gg..#####)## #.#.#.#
#.####### .......
#.......# ##.#.#..#
#######.## # ... ..
#... #.. ... ##.# #..


You could see 3 gnolls.

Vanquished Creatures
  A gnoll (D:2)
  3 adders (D:2)
  A worm (D:2)
  A dart slug (D:1)
  5 endoplasms (D:1)
  2 giant cockroaches
  4 goblins
  3 hobgoblins
  4 jackals (D:2)
  2 quokkas
  2 ball pythons
  6 bats
  2 frilled lizards
  3 kobolds
  4 rats
43 creatures vanquished.

Notes
Turn   | Place    | Note
-------+----------+-------------------------------------------
     0 | D:1      | qw the Deep Elf Hunter began the quest for the Orb.
     0 | D:1      | Reached XP level 1. HP: 12/12 MP: 3/3
     0 | D:1      | 0 ||| qw: Version: 0.3-a-9-g12657ce
     0 | D:1      | 0 ||| qw: Game counter: 4489
     0 | D:1      | 0 ||| qw: Always use a shield: true
     0 | D:1      | 0 ||| qw: God list: Okawaru
     0 | D:1      | 0 ||| qw: Allow faded altars: false
     0 | D:1      | 0 ||| qw: Do Orc after D:15 true
     0 | D:1      | 0 ||| qw: Do second Lair branch before Depths: true
     0 | D:1      | 0 ||| qw: Lair rune preference: random
     0 | D:1      | 0 ||| qw: Plans: Normal
     0 | D:1      | 0 ||| PLANNING D:1-11
    65 | D:1      | Found a faded altar of an unknown god.
   235 | D:1      | Reached XP level 2. HP: 16/16 MP: 4/4
   271 | D:1      | Reached skill level 6 in Ranged Weapons
   964 | D:1      | 964 ||| UPGRADING to +0 ring mail.
   974 | D:1      | 974 ||| DROPPING +0 leather armour.
   975 | D:1      | 975 ||| READING 2 scrolls labelled VETOCACRAU.
   976 | D:1      | 976 ||| READING scroll labelled DYUKAH BOTT.
   980 | D:1      | 980 ||| READING 2 scrolls labelled ERAOSO PUYWE.
   981 | D:1      | 981 ||| DRINKING 3 glowing brown potions.
   982 | D:1      | 982 ||| DROPPING scroll of butterflies.
   983 | D:1      | 983 ||| DROPPING scroll of fog.
  1049 | D:2      | Reached XP level 3. HP: 20/20 MP: 5/5
  1162 | D:2      | Reached skill level 7 in Ranged Weapons
  1201 | D:2      | Found Etuco's Jewellery Shop.
  1210 | D:2      | 1210 ||| SHOPLISTING +4 ring of protection (504 gold, have
                  | 97).
  1210 | D:2      | 1210 ||| SHOPLISTING +4 ring of slaying (1092 gold, have
                  | 97).
  1210 | D:2      | 1210 ||| SHOPLISTING +5 ring of evasion (504 gold, have
                  | 97).
  1210 | D:2      | 1210 ||| SHOPLISTING amulet "Conihi" {Acrobat rC- Int+2
                  | SInv Stlth+} (576 gold, have 97).
  1210 | D:2      | 1210 ||| SHOPLISTING ring "Nila" {Contam EV+5 Dex+3} (611
                  | gold, have 97).
  1210 | D:2      | 1210 ||| SHOPLISTING ring of fire (350 gold, have 97).
  1210 | D:2      | 1210 ||| SHOPLISTING ring of protection from cold (350
                  | gold, have 97).
  1276 | D:2      | Reached XP level 4. HP: 25/25 MP: 6/6
  1400 | D:2      | HP: 1/25 [gnoll/+0 spear (7)]
  1402 | D:2      | Mangled by a gnoll

Levels and vault maps discovered:
D:1:      minmay_arrival_shattered_statue, layout_loops_corners,
          shapermc_ecumenical_altar_totnotflames
D:2:      layout_loops_ring, serial_shops, shop

Skill      XL: |  1  2  3 |
---------------+----------+-----
Ranged Weapons | 6 7 |  7.7
Fighting       | |  1.5
Dodging        | |  2.4
Stealth        | |  1.2

Action                     |  1- 3 |  4- 6 || total
---------------------------+-------+-------++-------
   Fire: Shortbow          |    86 |    23 ||   109
    Use: Scroll            |     3 |       ||     3
         Potion            |     1 |       ||     1
 Armour: Ring mail         |    25 |     2 ||    27
  Dodge: Dodged            |    37 |     8 ||    45

Table legend:
 A = Non-vault XP
 B = Vault XP
 C = Vault XP percentage of total XP
 D = Non-vault monster count
 E = Vault monster count
 F = Vault count percentage of total count
                 A         B        C        D         E       F
            +---------+---------+-------+---------+---------+-------
      Total |     124 |       0 |   0.0 |      43 |       0 |   0.0
            +---------+---------+-------+---------+---------+-------
        D:1 |      34 |       0 |   0.0 |      20 |       0 |   0.0
        D:2 |      90 |       0 |   0.0 |      23 |       0 |   0.0
            +---------+---------+-------+---------+---------+-------
